 Dungeon Crawl Stone Soup version 0.17.1-1-g73c8601 (webtiles) character file.

279658 Implojin the Brawler (level 19, -30/209 HPs)
             Began as a Troll Fighter on Apr 2, 2016.
             Was a High Priest of Okawaru.
             Killed from afar by an iron dragon (38 damage)
             ... with a spray of metal splinters
             ... on level 5 of the Vaults.
             The game lasted 02:44:54 (19183 turns).

Implojin the Brawler (Troll Fighter)               Turns: 19183, Time: 02:44:54

Health: -30/209    AC: 16    Str: 29    XL:     19   Next: 66%
Magic:  19/25      EV: 20    Int:  4    God:    Okawaru [*****.]
Gold:   320        SH: 23    Dex: 15    Spells: 0 memorised, 18 levels left

rFire  . . .     SeeInvis .       - Unarmed
rCold  + + .     Clarity  +     i - +0 ice dragon armour
rNeg   . . .     SustAt   .     o - +2 large shield
rPois  .         Gourm    +     (helmet restricted)
rElec  .         Spirit   .     E - +1 cloak
rCorr  .         Warding  .     (gloves unavailable)
rMut   .         Stasis   .     (boots unavailable)
MR     ++...                    G - amulet of clarity
Stlth  +.........               W - ring of protection from fire
                                T - ring of protection from magic

@: heroism, finesse, very slightly contaminated, drained, very resistant to
hostile enchantments, very unstealthy
A: unfitting armour, claws 3, fast metabolism 3, gourmand, regeneration 2,
shaggy fur 1, tough skin 2
a: Heroism, Finesse, Renounce Religion
}: 2/15 runes: decaying, gossamer


You were on level 5 of the Vaults.
You worshipped Okawaru.
Okawaru was extremely pleased with you.
You were not hungry.

You visited 8 branches of the dungeon, and saw 46 of its levels.
You visited 2 bazaars.
You also visited: Sewer and Wizlab.

You collected 1268 gold pieces.
You spent 948 gold pieces at shops.

Inventory:

Hand Weapons
 q - a +1 blowgun
Missiles
 D - 2 javelins
 V - 38 large rocks (quivered)
Armour
 b - a +2 fire dragon armour
 e - a shadow dragon hide
 i - a +0 ice dragon armour (worn)
 o - a +2 large shield (worn)
 B - a troll hide
 E - a +1 cloak (worn)
 I - a mottled dragon hide
Jewellery
 j - an uncursed ring of teleportation
 s - the ring "Animel" {+/*Tele rC+ MR+ Dex+3}
   (You took it off a frost giant on level 4 of the Vaults)

   [ring of teleportation]

   It may teleport you next to monsters, and can be evoked to randomly teleport.
   It affects your dexterity (+3).
   It protects you from cold.
   It affects your resistance to hostile enchantments.
 u - an uncursed ring of ice
 A - an uncursed ring of invisibility
 C - an uncursed amulet of resist corrosion
 F - an uncursed ring of wizardry
 G - an amulet of clarity (around neck)
 N - an uncursed amulet of warding
 O - an uncursed ring of sustain attributes
 T - a ring of protection from magic (left claw)
 W - a ring of protection from fire (right claw)
Wands
 a - a wand of invisibility (0)
 c - a wand of disintegration (7)
 H - a wand of heal wounds (0)
 J - a wand of hasting (2)
Scrolls
 f - 6 scrolls of amnesia
 m - 4 scrolls of teleportation
 n - 3 scrolls of noise
 t - a scroll of identify
 y - 8 scrolls of remove curse
 P - 2 scrolls of immolation
Potions
 k - a potion of agility
 l - 4 potions of flight
 p - 5 potions of brilliance
 r - a potion of invisibility
Comestibles
 d - 15 bread rations
 g - 2 beef jerkies
 h - 2 meat rations
 x - 21 fruits
 z - 2 slices of pizza
 R - 2 royal jellies


   Skills:
 - Level 17.0(21.6) Fighting
 * Level 16.0(20.7) Dodging
 - Level 10.0(14.7) Shields
 - Level 17.0(21.6) Unarmed Combat
 - Level 10.0(9.7) Invocations


You had 18 spell levels left.
You didn't know any spells.

Dungeon Overview and Level Annotations

Branches:
Dungeon (15/15)            Temple (1/1) D:7            Lair (8/8) D:8
  Swamp (4/4) Lair:5       Spider (4/4) Lair:6        Slime (0/6) Lair:8
    Orc (4/4) D:9             Elf (0/3) Orc:4        Vaults (5/5) D:13
 Depths (5/5) D:15
  Crypt: Vaults:2-3     Zot: Depths:5

Altars:
Ashenzari
Fedhas
Gozag
Kikubaaqudgha
Makhleb
Nemelex Xobeh
Okawaru
Qazlal
Ru
Sif Muna
Trog
Vehumet
Xom
Yredelemnul
The Shining One
Beogh
Jiyva

Shops:
D:9 *   Orc:4 [=?:

Portals:
Hell: Depths:2
Abyss: Depths:4
Ziggurat: Depths:5

Annotations:
D:10 exclusions: downstairs and upstairs
D:13 exclusion: upstairs
Swamp:1 !louise w ego large shield, kill on way back
Depths:1 exclusion: 2 doors
Depths:2 exclusion: upstairs
Depths:4 exclusion: door
Depths:5 exclusion: door


Innate Abilities, Weirdness & Mutations

You are too large for most types of armour.
You have claws for hands.
Your metabolism is lightning-fast.
You like to eat raw meat.
You heal very quickly.
You are covered in fur (AC +1).
You have very tough skin (AC +2).


Message History

Something smites you!
* * * LOW HITPOINT WARNING * * *
A shadow dragon comes into view.
The sphinx mumbles some strange words.
You resist with almost no effort.
An iron dragon comes into view.
The iron dragon roars!
You can now deal lightning-fast blows.
You feel somewhat more hungry.
Unknown command.
You gain the combat prowess of a mighty hero.
You feel slightly more hungry. The sphinx hits you!
* * * LOW HITPOINT WARNING * * *
You block the sphinx's attack. The sphinx barely misses you.
You mangle the sphinx!!
The sphinx is moderately wounded.
You hear a shout!
You hear a roar!
You hear a shout!
You scratch the sphinx.
The sphinx is moderately wounded.
You block the sphinx's attack. x3
You mangle the sphinx!!
The sphinx is severely wounded.
You claw the sphinx!
The sphinx is severely wounded.
You eviscerate the sphinx!!!
You kill the sphinx!
Okawaru accepts your kill.
The iron dragon breathes metal splinters at you.
The spray of metal splinters hits you!
* * * LOW HITPOINT WARNING * * *
Drink which item? (? for menu, Esc to quit)
Okay, then.
Evoke which item? (* to show all) (? for menu, Esc to quit)
Okay, then.
Read which item? (? for menu, Esc to quit)
Okay, then.
An ironheart preserver comes into view. It is wielding a glaive.
The iron dragon breathes metal splinters at you.
The spray of metal splinters hits you!
You die...

......###
.#..#
....)#
..#..#
....}
##.#..#
#...
###..#..#
#...
##....#..#
#.....#..#
##.....#..#
#......#..#
#...@.....#
######D...#
..p...#
........#
......H...#
D.........#
######D...#
.....#


You could see an iron dragon.

Vanquished Creatures
  Mennas (Vaults:4)
  Boris (Depths:4)
  Norris (Spider:2)
  Nikola (Spider:2)
  A golden dragon (Vaults:4)
  Arachne (Spider:2)
  3 tentacled monstrosities (Vaults:4)
  A lich (Depths:5)
  2 titans
  3 sphinxes
  6 thorn hunters
  3 shadow dragons
  Kirke (Lair:8)
  2 fire giants
  A tengu reaver (Vaults:4)
  A deep elf sorcerer (Vaults:5)
  2 frost giants
  3 vault wardens
  Louise (Swamp:1)
  An orc warlord (Vaults:4)
  5 ghost moths (Spider:4)
  7 emperor scorpions (Spider:4)
  2 ironheart preservers (Vaults:5)
  A war gargoyle (Depths:3)
  2 vampire knights
  5 very ugly things
  4 stone giants
  3 purple draconians
  6 dire elephants (Lair:8)
  A deep elf annihilator (Vaults:5)
  A deep elf death mage (Vaults:5)
  5 ettins
  A fire dragon (D:15)
  Josephine (D:11)
  2 rakshasas (Depths:2)
  28 vault guards
  2 jiangshi (Depths:2)
  2 deep elf high priests (Vaults:4)
  2 ice dragons
  9 yaktaur captains
  6 ogre magi
  16 hydras
  A ghost crab (Swamp:3)
  3 spriggan air magi (Depths:5)
  A statue (WizLab)
  5 entropy weavers
  An anaconda (Lair:8)
  4 centaur warriors
  4 great orbs of eyes
  A catoblepas (shapeshifter) (Depths:2)
  A tengu warrior (Depths:2)
  3 deep troll earth magi
  3 deep troll shamans
  A vampire mage (Depths:2)
  A sun demon (Depths:2)
  3 spriggan berserkers
  8 spriggans
  A fire crab (Vaults:4)
  A shadow wraith (Vaults:4)
  4 iron trolls
  A fire crab (shapeshifter) (Vaults:4)
  11 deep trolls
  2 spriggan druids (Swamp:4)
  5 swamp dragons
  3 wizards
  An ice devil (Depths:2)
  An ironbrand convoker (Vaults:4)
  3 giant orange brains
  7 hill giants
  5 shambling mangroves
  8 orc knights
  4 harpies (Vaults:5)
  4 phantasmal warriors
  A griffon (D:15)
  A necromancer (Lair:4)
  2 deep elf conjurers (Vaults:5)
  A manticore (D:11)
  An orb spider (shapeshifter) (Vaults:4)
  23 ugly things
  4 orb spiders (Spider:4)
  11 wolf spiders
  14 elephants (Lair:8)
  A hornet (Spider:2)
  4 black mambas
  A rust devil (Depths:2)
  4 centaur zombies
  4 cyclopes
  2 moths of wrath
  6 vault sentinels
  4 komodo dragons
  A gargoyle (D:10)
  16 spiny frogs
  22 yaktaurs
  5 demonic crawlers
  10 jumping spiders
  17 two-headed ogres
  4 freezing wraiths (Vaults:4)
  A polar bear (Lair:8)
  9 trolls
  7 giant leeches
  3 boulder beetles
  6 slime creatures
  11 blink frogs
  14 trapdoor spiders
  44 redbacks
  A bog body (Swamp:4)
  17 tarantellas
  27 yaks
  2 hogs (Lair:7)
  4 wyverns
  A water elemental (Depths:5)
  5 wraiths (D:11)
  2 deep elf magi (Vaults:3)
  A tarantella (shapeshifter) (Vaults:4)
  4 basilisks
  5 fire bats (Lair:1)
  2 hungry ghosts
  A vampire (D:13)
  9 vampire mosquitoes
  8 hippogriffs
  12 water moccasins
  7 wolves
  A deep elf fighter (Vaults:3)
  12 insubstantial wisps
  A mottled dragon (D:15)
  20 swamp worms
  5 porcupines
  6 wargs
  24 orc warriors
  21 spiders
  2 boggarts (Depths:2)
  A necrophage (D:7)
  An eye of draining (D:15)
  2 ice beasts (D:8)
  3 sky beasts
  A phantom (D:4)
  12 swamp drakes
  17 wasps
  32 ogres
  2 centaurs (D:13)
  7 crocodiles
  2 big kobolds (Sewer)
  16 giant frogs
  8 killer bees
  An electric eel (Lair:3)
  A lava snake (Lair:1)
  3 vampire bats (D:9)
  4 wights
  2 crimson imps
  A giant frog zombie (D:5)
  An iron imp (D:6)
  21 orc wizards
  2 hounds
  A giant frog skeleton (D:10)
  16 orc priests
  6 iguanas
  A jelly (D:13)
  5 polar bear simulacra (Lair:4)
  8 worker ants
  4 wolf simulacra (Lair:4)
  11 sheep
  A yak simulacrum (Lair:4)
  A mummy (Depths:4)
  3 adders
  20 river rats
  3 shadow imps
  A white imp (Depths:1)
  A worm (D:3)
  5 giant geckos
  89 orcs
  5 bat zombies (D:9)
  3 goblins
  2 jackals (D:2)
  3 quokkas
  4 ball pythons (Sewer)
  5 giant cockroaches
  A giant gecko zombie (D:6)
  5 giant newts
  2 goblin skeletons (D:6)
  2 goblin zombies (D:6)
  A hobgoblin zombie (D:6)
  18 kobolds
  A kobold zombie (D:6)
  6 orc skeletons (D:6)
  19 rats
  A river rat simulacrum (Lair:4)
  3 briar patches (Swamp:4)
  6 plants (Lair:8)
1105 creatures vanquished.

Vanquished Creatures (collateral kills)
  A stone giant (Depths:4)
  A yaktaur captain (Depths:4)
  A rakshasa (Depths:4)
  A tengu conjurer (Depths:4)
4 creatures vanquished.

Vanquished Creatures (others)
  A deep elf mage (WizLab)
  A spider (Spider:4)
  An orc warrior (D:15)
  A wasp (Swamp:3)
  A boggart (Depths:2)
  A river rat (Lair:8)
  2 briar patches (Swamp:4)
  A bush (Lair:8)
  19 fungi
  6 plants
34 creatures vanquished.

Grand Total: 1143 creatures vanquished

Notes
Turn   | Place    | Note
--------------------------------------------------------------
     0 | D:1      | Implojin the Troll Fighter began the quest for the Orb.
     0 | D:1      | Reached XP level 1. HP: 22/22 MP: 0/0
   186 | D:1      | Reached XP level 2. HP: 29/29 MP: 1/1
   237 | D:3      | Reached skill level 3 in Unarmed Combat
   332 | D:4      | Noticed a phantom
   346 | D:4      | Found a glowing drain.
   391 | D:4      | Killed a phantom
   391 | D:4      | Reached skill level 4 in Unarmed Combat
   391 | D:4      | Reached XP level 3. HP: 27/36 MP: 2/2
   391 | D:4      | Reached XP level 4. HP: 33/44 MP: 3/3
   393 | Sewer    | Entered a sewer
   441 | Sewer    | Reached skill level 5 in Unarmed Combat
   497 | Sewer    | Reached XP level 5. HP: 31/50 MP: 4/4
   634 | Sewer    | Noticed a big kobold
   634 | Sewer    | Noticed a big kobold
   640 | Sewer    | Killed a big kobold
   640 | Sewer    | Reached skill level 6 in Unarmed Combat
   640 | Sewer    | Reached XP level 6. HP: 42/59 MP: 5/5
   644 | Sewer    | Killed a big kobold
   785 | D:5      | Entered Level 5 of the Dungeon
   793 | D:5      | Reached skill level 7 in Unarmed Combat
   929 | D:6      | Reached XP level 7. HP: 59/66 MP: 6/6
   947 | D:5      | Reached skill level 8 in Unarmed Combat
   969 | D:6      | Found a glowing golden altar of the Shining One.
  1062 | D:7      | Found a staircase to the Ecumenical Temple.
  1069 | Temple   | Entered the Ecumenical Temple
  1110 | Temple   | Became a worshipper of Warmaster Okawaru
  1310 | D:8      | Reached skill level 9 in Unarmed Combat
  1329 | D:8      | Reached XP level 8. HP: 48/73 MP: 7/7
  1372 | D:8      | Reached * piety under Okawaru
  1379 | D:8      | Reached skill level 10 in Unarmed Combat
  1488 | D:9      | Found a staircase to the Orcish Mines.
  1494 | D:9      | Found a roughly hewn altar of Beogh.
  1589 | D:10     | Entered Level 10 of the Dungeon
  1673 | D:10     | Noticed a hill giant
  1682 | D:10     | Killed a hill giant
  1682 | D:10     | Reached skill level 11 in Unarmed Combat
  1682 | D:10     | Reached XP level 9. HP: 64/80 MP: 5/8
  1702 | D:10     | Reached skill level 12 in Unarmed Combat
  1704 | D:10     | Reached ** piety under Okawaru
  1704 | D:10     | Reached skill level 1 in Invocations
  1708 | D:10     | Reached skill level 2 in Invocations
  1711 | D:10     | Reached skill level 3 in Fighting
  2088 | D:11     | Reached skill level 4 in Fighting
  2102 | D:11     | Reached skill level 5 in Fighting
  2134 | D:11     | Noticed a purple ugly thing
  2142 | D:11     | Noticed a manticore
  2152 | D:11     | Killed a manticore
  2152 | D:11     | Reached skill level 6 in Fighting
  2160 | D:11     | Noticed a green ugly thing
  2197 | D:11     | Noticed a hill giant
  2219 | D:11     | Killed a purple ugly thing
  2219 | D:11     | Reached *** piety under Okawaru
  2219 | D:11     | Reached XP level 10. HP: 78/100 MP: 8/11
  2236 | D:11     | Killed a hill giant
  2236 | D:11     | Reached skill level 7 in Fighting
  2349 | D:9      | Found a shattered altar of Ashenzari.
  2349 | D:9      | Found an opulent altar of Gozag.
  2349 | D:9      | Found a basalt altar of Yredelemnul.
  2349 | D:9      | Found a sparkling altar of Nemelex Xobeh.
  2405 | D:11     | Noticed Josephine
  2443 | D:11     | Killed Josephine
  2443 | D:11     | Reached **** piety under Okawaru
  2443 | D:11     | Reached skill level 8 in Fighting
  2584 | D:11     | Reached skill level 9 in Fighting
  2893 | D:10     | Noticed a hill giant
  2905 | D:10     | Killed a hill giant
  2905 | D:10     | Reached skill level 10 in Fighting
  2905 | D:10     | Reached XP level 11. HP: 117/117 MP: 9/12
  2939 | D:10     | Noticed a gargoyle
  2945 | D:10     | Killed a gargoyle
  3022 | D:9      | Found an ancient bone altar of Kikubaaqudgha.
  3084 | D:9      | Found Vukkiasm's Assorted Antiques.
  3096 | D:9      | Bought a blackened silver ring for 155 gold pieces
  3228 | D:8      | Found a burning altar of Makhleb.
  3315 | D:8      | Found a staircase to the Lair.
  3326 | Lair:1   | Entered Level 1 of the Lair of Beasts
  3400 | Lair:2   | Noticed an eight-headed hydra
  3496 | Lair:1   | Reached ***** piety under Okawaru
  3567 | Lair:2   | Reached skill level 11 in Fighting
  3895 | Lair:4   | Noticed a necromancer
  3909 | Lair:4   | Killed a necromancer
  4152 | Lair:5   | Found a staircase to the Swamp.
  4211 | Lair:4   | Reached skill level 12 in Fighting
  4383 | Lair:5   | Noticed a four-headed hydra
  4527 | Lair:5   | Reached skill level 3 in Invocations
  4616 | Lair:7   | Noticed an eight-headed hydra
  4661 | Lair:7   | Reached skill level 4 in Invocations
  4663 | Lair:7   | Received a gift from Okawaru
  4701 | Lair:7   | Reached XP level 12. HP: 93/132 MP: 8/14
  4704 | Lair:7   | Reached skill level 5 in Invocations
  4794 | Lair:6   | Found a hole to the Spider Nest.
  4841 | Lair:6   | Reached skill level 6 in Invocations
  5077 | Lair:8   | Entered Level 8 of the Lair of Beasts
  5077 | Lair:8   | Noticed Kirke
  5126 | Lair:7   | Noticed an eight-headed hydra
  5131 | Lair:7   | Reached skill level 7 in Invocations
  5138 | Lair:7   | Killed an eight-headed hydra
  5188 | Lair:8   | Reached skill level 8 in Invocations
  5368 | Lair:8   | Reached skill level 9 in Invocations
  5431 | Lair:8   | Received a gift from Okawaru
  5511 | Lair:7   | Reached skill level 10 in Invocations
  5634 | Lair:8   | Killed Kirke
  5634 | Lair:8   | Reached skill level 3 in Shields
  5657 | Lair:8   | Reached skill level 4 in Shields
  5681 | Lair:8   | Reached skill level 3 in Dodging
  5723 | Lair:8   | Reached XP level 13. HP: 73/140 MP: 19/19
  5747 | Lair:8   | Reached skill level 4 in Dodging
  5874 | Lair:8   | Noticed a five-headed hydra
  5887 | Lair:8   | Killed a five-headed hydra
  5927 | Lair:8   | Reached skill level 5 in Dodging
  5972 | Lair:8   | Found a staircase to the Slime Pits.
  5972 | Lair:8   | Found a viscous altar of Jiyva.
  5992 | Lair:8   | Reached skill level 6 in Dodging
  6299 | Lair:8   | Noticed an anaconda
  6303 | Lair:8   | Killed an anaconda
  6334 | Lair:8   | Noticed a dire elephant
  6334 | Lair:8   | Noticed a dire elephant
  6341 | Lair:8   | Killed a dire elephant
  6350 | Lair:8   | Killed a dire elephant
  6350 | Lair:8   | Reached skill level 13 in Unarmed Combat
  6401 | Lair:8   | Noticed a dire elephant
  6406 | Lair:8   | Noticed a dire elephant
  6415 | Lair:8   | Killed a dire elephant
  6415 | Lair:8   | Received a gift from Okawaru
  6422 | Lair:8   | Killed a dire elephant
  6451 | Lair:8   | Noticed a dire elephant
  6468 | Lair:8   | Killed a dire elephant
  6471 | Lair:8   | Noticed a dire elephant
  6480 | Lair:8   | Killed a dire elephant
  6964 | D:13     | Identified the Almanac of the Escort
  6996 | D:13     | Found a gate to the Vaults.
  7020 | D:13     | Reached skill level 14 in Unarmed Combat
  7044 | D:13     | Received a gift from Okawaru
  7054 | D:13     | Reached XP level 14. HP: 109/149 MP: 16/20
  7201 | D:15     | Entered Level 15 of the Dungeon
  7387 | D:15     | Reached skill level 15 in Unarmed Combat
  7640 | D:15     | Found a staircase to the Depths.
  7776 | D:15     | Reached skill level 16 in Unarmed Combat
  8068 | Orc:1    | Entered Level 1 of the Orcish Mines
  8148 | Orc:4    | Entered Level 4 of the Orcish Mines
  8178 | Orc:4    | Paralysed by an ogre mage for 7 turns
  8556 | Orc:4    | Found Comi Ufa's Magic Scroll Shoppe.
  8578 | Orc:4    | Found Deedgho's Book Shoppe.
  8579 | Orc:4    | Found Xonlei's Jewellery Boutique.
  8620 | Orc:4    | Found Ivoeseap's Antique Armour Emporium.
  8623 | Orc:4    | Bought an uncursed ring of sustain attributes for 192 gold pieces
  8676 | Orc:4    | Reached skill level 17 in Unarmed Combat
  8730 | Orc:4    | Found a staircase to the Elven Halls.
  8851 | Orc:4    | Bought an uncursed ring of protection from magic for 275 gold pieces
  8862 | Orc:4    | Bought a scroll of identify for 26 gold pieces
  9023 | Lair:2   | Killed an eight-headed hydra
  9158 | Spider:1 | Entered Level 1 of the Spider Nest
  9236 | Spider:2 | Noticed Norris
  9260 | Spider:2 | Killed Norris
  9260 | Spider:2 | Reached skill level 13 in Fighting
  9260 | Spider:2 | Reached XP level 15. HP: 107/159 MP: 14/21
  9292 | Spider:2 | Noticed Arachne
  9313 | Spider:2 | Killed Arachne
  9313 | Spider:2 | Received a gift from Okawaru
  9340 | Spider:2 | Noticed Nikola
  9358 | Spider:2 | Killed Nikola
  9484 | Spider:4 | Entered Level 4 of the Spider Nest
  9503 | Spider:3 | Received a gift from Okawaru
  9547 | Spider:4 | Reached skill level 14 in Fighting
  9742 | Spider:4 | Received a gift from Okawaru
  9950 | Spider:4 | HP: 8/165 [wolf spider (10)]
 10156 | Spider:4 | Reached skill level 15 in Fighting
 10175 | Spider:4 | Received a gift from Okawaru
 10328 | Spider:4 | Reached XP level 16. HP: 60/178 MP: 7/22
 10381 | Spider:4 | Received a gift from Okawaru
 10402 | Spider:4 | Got a gossamer rune of Zot
 10532 | Spider:3 | Reached skill level 16 in Fighting
 11057 | Vaults:1 | Entered Level 1 of the Vaults
 11456 | Vaults:4 | Noticed Mennas
 11493 | Vaults:4 | Killed Mennas
 11534 | Vaults:4 | Received a gift from Okawaru
 11591 | Vaults:4 | Reached skill level 17 in Fighting
 11709 | Vaults:4 | Reached skill level 5 in Shields
 11808 | Vaults:4 | Reached skill level 6 in Shields
 11834 | Vaults:4 | Found a flickering gateway to a bazaar.
 11840 | Bazaar   | Entered a bazaar
 11840 | Bazaar   | Found Hezuacwa's Antique Armour Shop.
 11840 | Bazaar   | Found Veidoirph's Antique Weapon Shop.
 11859 | Bazaar   | Found Qepej Abecw's Gadget Emporium.
 11870 | Bazaar   | Found Kewuvi's General Store.
 11884 | Bazaar   | Found Menonnat's Distillery.
 11892 | Bazaar   | Bought a potion of curing for 33 gold pieces
 11905 | Bazaar   | Bought a scroll of teleportation for 51 gold pieces
 11905 | Bazaar   | Bought a scroll of recharging for 161 gold pieces
 12080 | Vaults:5 | Entered Level 5 of the Vaults
 12110 | Vaults:5 | Noticed a tentacled monstrosity
 12118 | Vaults:4 | HP: 4/183 [vault guard/battleaxe (20)]
 12126 | Vaults:4 | Reached skill level 7 in Shields
 12388 | Vaults:4 | Killed a tentacled monstrosity
 12388 | Vaults:4 | Received a gift from Okawaru
 12388 | Vaults:4 | Reached skill level 8 in Shields
 12388 | Vaults:4 | Reached XP level 17. HP: 101/191 MP: 16/23
 12531 | Vaults:5 | Noticed a golden dragon
 12558 | Vaults:4 | Reached skill level 9 in Shields
 12622 | Vaults:4 | Received a gift from Okawaru
 12811 | Vaults:4 | asdfghjkl
 13073 | Depths:1 | Entered Level 1 of the Depths
 13142 | Depths:1 | Reached skill level 10 in Shields
 13264 | Depths:2 | Reached skill level 7 in Dodging
 13269 | Depths:2 | Found a gateway to Hell.
 13413 | Depths:4 | Found a one-way gate to the infinite horrors of the Abyss.
 13413 | Depths:4 | Found a flickering gateway to a bazaar.
 13416 | Depths:4 | Received a gift from Okawaru
 13416 | Depths:4 | Reached skill level 8 in Dodging
 13420 | Depths:4 | Noticed Boris
 13497 | Depths:2 | Found a magical portal.
 13523 | WizLab   | Entered Iskenderun's Mystic Tower
 13632 | Depths:2 | Reached skill level 9 in Dodging
 13775 | Depths:4 | Killed Boris
 14131 | Bazaar   | Entered a bazaar
 14134 | Bazaar   | Found Jaihosacs's Antique Weapon Shoppe.
 14137 | Bazaar   | Found Iceplofe's Distillery.
 14144 | Bazaar   | Found Usifick's Assorted Antiques.
 14151 | Bazaar   | Found Icsoetso's Antique Armour Emporium.
 14182 | Bazaar   | Found Yroci's Weapon Shoppe.
 14210 | Bazaar   | Bought a potion of heal wounds for 55 gold pieces
 14251 | Depths:5 | Entered Level 5 of the Depths
 14256 | Depths:5 | Noticed a lich
 14262 | Depths:5 | Noticed a Brimstone Fiend
 14264 | Depths:4 | Reached skill level 10 in Dodging
 14366 | Depths:5 | Killed a lich
 14393 | Depths:5 | Reached XP level 18. HP: 200/200 MP: 21/24
 14460 | Depths:5 | Received a gift from Okawaru
 14480 | Depths:5 | Reached skill level 11 in Dodging
 14504 | Depths:5 | Received a gift from Okawaru
 14619 | Depths:5 | Noticed a juggernaut
 14657 | Depths:5 | Found a gateway to a ziggurat.
 15052 | Depths:2 | Reached skill level 12 in Dodging
 15489 | Swamp:1  | Entered Level 1 of the Swamp
 15618 | Swamp:1  | Noticed Louise
 16115 | Swamp:3  | uncooperative swamp3 floorgen
 16193 | Swamp:4  | Entered Level 4 of the Swamp
 16323 | Swamp:4  | Reached skill level 13 in Dodging
 16641 | Swamp:4  | HP: 10/200 [poisoned by a swamp dragon (poison gas)]
 16646 | Swamp:4  | HP: 10/200 [poisoned by a swamp dragon (poison gas)]
 16652 | Swamp:4  | HP: 10/200 [poisoned by a swamp dragon (poison gas)]
 17184 | Swamp:4  | Reached skill level 14 in Dodging
 17278 | Swamp:4  | Got a decaying rune of Zot
 17318 | Swamp:4  | Reached XP level 19. HP: 103/209 MP: 25/25
 17447 | Lair:5   | Killed a four-headed hydra
 17551 | Swamp:1  | Killed Louise
 18063 | Vaults:4 | Paralysed by a hornet for 4 turns
 18245 | Vaults:5 | Noticed a tentacled monstrosity
 18257 | Vaults:4 | Killed a golden dragon
 18480 | Vaults:4 | Killed a tentacled monstrosity
 18482 | Vaults:5 | Noticed a tentacled monstrosity
 18509 | Vaults:4 | Got a glittering jade ring
 18647 | Vaults:4 | Killed a tentacled monstrosity
 18647 | Vaults:4 | Reached skill level 15 in Dodging
 18814 | Vaults:4 | Identified the ring "Animel" {+/*Tele rC+ MR+ Dex+3} (You took it off a frost giant on level 4 of the Vaults)
 18945 | Vaults:5 | Received a gift from Okawaru
 19067 | Vaults:5 | 19k already
 19067 | Vaults:5 | oh well
 19067 | Vaults:5 | Reached skill level 16 in Dodging
 19181 | Vaults:5 | HP: 6/209 [iron dragon/spray of metal splinters (38)]
 19183 | Vaults:5 | Killed from afar by an iron dragon

Action                   |  1- 3 |  4- 6 |  7- 9 | 10-12 | 13-15 | 16-18 | 19-21 || total
-------------------------+-------+-------+-------+-------+-------+-------+-------++-------
Melee: Unarmed           |    79 |   124 |   244 |   658 |  1027 |  1374 |   296 ||  3802
Throw: Javelin           |       |       |       |     9 |     7 |     4 |       ||    20
       Tomahawk          |       |       |       |     6 |     7 |     6 |       ||    19
       Large rock        |       |       |       |       |    63 |    74 |    10 ||   147
Invok: Heroism           |       |       |     5 |    29 |    34 |    46 |    10 ||   124
       Finesse           |       |       |       |     4 |    14 |    14 |     5 ||    37
Evoke: Wand              |       |       |       |       |     9 |    13 |     7 ||    29
  Use: Scroll            |     2 |       |     4 |     8 |     8 |    16 |     5 ||    43
       Potion            |       |       |     3 |     2 |    15 |    18 |     1 ||    39
 Stab: Sleeping          |       |       |     2 |     4 |     2 |       |       ||     8
       Distracted        |       |       |       |       |     2 |       |       ||     2
       Invisible         |       |       |       |       |     4 |     1 |       ||     5
       Confused          |       |       |       |       |       |     1 |       ||     1
  Eat: Chunk             |     4 |    10 |    12 |    31 |    42 |    60 |     4 ||   163
       Beef jerky        |       |       |       |     1 |       |       |       ||     1
       Meat ration       |       |       |       |       |       |     2 |     3 ||     5
       Fruit             |       |       |       |       |       |     1 |       ||     1

Table legend:
 A = Turns spent in this place as a percentage of turns spent in the entire game.
 B = Non-inter-level travel turns spent in this place as a percentage of non-inter-level travel turns spent in the entire game.
 C = Inter-level travel turns spent in this place as a percentage of turns spent in this place.
 D = Turns resting spent in this place as a percentage of non-inter-level travel turns spent in this place.
 E = Turns spent auto-exploring this place as a percentage of non-inter-level travel turns spent in this place.
 F = Non-inter-level travel turns spent in this place divided by the number of levels of this place that you've seen.
                   A       B       C       D       E      F
               +-------+-------+-------+-------+-------+----------------------
         Total | 100.0 | 100.0 |   0.0 |   0.3 |   0.0 | 362.0
       Dungeon |  27.6 |  27.6 |   0.0 |   0.0 |   0.0 | 333.0
        Temple |   0.4 |   0.4 |   0.0 |   0.0 |   0.0 |  80.0
          Lair |  21.8 |  21.8 |   0.0 |   0.2 |   0.0 | 493.6
         Swamp |   8.8 |   8.8 |   0.0 |   0.6 |   0.0 | 397.5
   Spider Nest |   8.4 |   8.4 |   0.0 |   0.5 |   0.0 | 381.2
  Orcish Mines |   4.8 |   4.8 |   0.0 |   0.0 |   0.0 | 217.0
        Vaults |  14.6 |  14.6 |   0.0 |   1.2 |   0.0 | 527.2
        Depths |  10.2 |  10.2 |   0.0 |   0.4 |   0.0 | 369.6
        Bazaar |   1.2 |   1.2 |   0.0 |   0.0 |   0.0 | 104.5
         Sewer |   1.9 |   1.9 |   0.0 |   0.0 |   0.0 | 341.0
        Wizlab |   0.3 |   0.3 |   0.0 |   0.0 |   0.0 |  59.0
               +-------+-------+-------+-------+-------+----------------------

Table legend:
 A = Kills in this place as a percentage of kills in entire the game.
 B = Kills by you in this place as a percentage of kills by you in the entire game.
 C = Kills by friends in this place as a percentage of kills by friends in the entire game.
 D = Other kills in this place as a percentage of other kills in the entire game.
 E = Experience gained in this place as a percentage of experience gained in the entire game.
 F = Experience gained in this place divided by the number of levels of this place that you have seen.
                   A       B       C       D       E      F
               +-------+-------+-------+-------+-------+----------------------
         Total | 100.0 | 100.0 | 100.0 | 100.0 | 100.0 | 8832.9
       Dungeon |  21.6 |  21.7 |   0.0 |   0.0 |   9.3 | 2738.3
          Lair |  16.8 |  16.9 |   0.0 |   0.0 |  10.7 | 5896.9
         Swamp |  12.0 |  12.0 |   0.0 | 100.0 |  12.9 | 14289.2
   Spider Nest |  12.3 |  12.3 |   0.0 |   0.0 |  15.0 | 16515.0
  Orcish Mines |   8.3 |   8.3 |   0.0 |   0.0 |   2.9 | 3185.0
        Vaults |  16.1 |  16.1 |   0.0 |   0.0 |  30.1 | 26553.8
        Depths |   8.4 |   8.0 | 100.0 |   0.0 |  18.3 | 16183.0
         Sewer |   4.4 |   4.4 |   0.0 |   0.0 |   0.1 | 360.0
        Wizlab |   0.3 |   0.3 |   0.0 |   0.0 |   0.8 | 3395.0
               +-------+-------+-------+-------+-------+----------------------
